AoeStats
← BSHammer

Arena

507896062Analyzed
4v4 RM · 14d ago on Sep 20, 2026· 53m 19s· 8 players
Game mode
Random Map
Map size
Large (8 player)
Population
200
Speed
Normal
Resources
Standard
Victory
Conquest
Starting age
Dark Age
Ending age
Imperial Age
RankedLock teamsTeams togetherTeam positionsShared explorationLock speedFull tech treeHidden civsTurbo modeCheats
Victory
Defeat
🇺🇸 Franks · United States
1630
+20
🇯🇵 Portuguese · Japan
1616
+21
🇺🇸 Byzantines · United States
1612
+21
🇺🇸 Slavs · United States
1562
+23
🇧🇷 Georgians · Brazil
1825
-25
🇧🇷 Mongols · Brazil
1769
-23
🇧🇷 Italians · Brazil
1665
-19
🇧🇷 Portuguese · Brazil
1637
-18
Lucas Ducas
11:07 Feudal Age
12:25 Loom
15:10 Castle Age
12:59 Horse Collar
13:44 Double-Bit Axe
15:45 Wheelbarrow
16:14 Heavy Plow
21:32 Bow Saw
23:52 Hand Cart
24:03 Gold Mining
25:43 Gold Shaft Mining
28:42 Imperial Age
25:59 Crossbowman
26:31 Fletching
27:12 Padded Archer Armor
28:16 Gold Shaft Mining
27:33 Stone Mining
28:02 Bodkin Arrow
28:59 Ballistics
29:02 Leather Archer Armor
28:59 Squires
30:29 Chemistry
29:34 Bracer
30:48 Conscription
30:21 Treadmill Crane
31:46 Stone Shaft Mining
32:12 Thumb Ring
31:31 Arbalester
31:37 Elite Skirmisher
33:00 Ring Archer Armor
35:15 Two-Man Saw
35:30 Crop Rotation
35:33 Guilds
36:56 Coinage
39:11 Banking
40:30 Murder Holes
44:47 Hoardings
44:26 Fortified Wall
46:16 Squires
45:36 Pikeman
46:48 Scale Mail Armor
46:59 Forging
46:57 Halberdier
47:58 Chain Mail Armor
48:19 Iron Casting
49:53 Plate Mail Armor
50:19 Capped Ram
52:32 Arson
koriko9397
11:05 Feudal Age
15:01 Castle Age
14:15 Double-Bit Axe
16:12 Bow Saw
26:20 Wheelbarrow
26:51 Loom
28:15 Hand Cart
31:29 Imperial Age
29:41 Husbandry
31:55 Scale Barding Armor
32:00 Forging
31:37 Cavalier
32:39 Conscription
32:20 Chivalry
33:42 Light Cavalry
34:49 Chain Barding Armor
35:05 Iron Casting
34:56 Gold Mining
36:32 Plate Barding Armor
36:49 Ballistics
38:33 Blast Furnace
37:23 Fletching
38:51 Hoardings
39:14 Paladin
BSHammer
10:49 Feudal Age
14:55 Castle Age
13:03 Horse Collar
13:56 Double-Bit Axe
16:26 Bow Saw
19:28 Wheelbarrow
21:44 Hand Cart
22:01 Heavy Plow
25:13 Loom
29:59 Imperial Age
29:36 Pikeman
30:17 Squires
31:00 Ballistics
30:21 Halberdier
30:51 Heavy Scorpion
32:35 Forging
32:26 Scale Mail Armor
33:56 Iron Casting
34:38 Conscription
34:37 Scale Mail Armor
35:38 Blast Furnace
35:04 Siege Engineers
36:27 Druzhina
36:48 Chain Mail Armor
36:52 Capped Ram
37:49 Siege Ram
40:08 Plate Mail Armor
41:17 Masonry
45:00 Detinets
44:40 Man-at-Arms
50:20 Long Swordsman
happikon.6139
10:44 Feudal Age
14:48 Castle Age
12:44 Double-Bit Axe
13:05 Horse Collar
15:56 Bow Saw
21:05 Wheelbarrow
22:30 Heavy Plow
22:46 Gold Mining
27:34 Imperial Age
25:18 Loom
25:20 Town Watch
26:52 Padded Archer Armor
27:42 Ballistics
26:48 Elite Skirmisher
27:24 Fletching
27:56 Leather Archer Armor
27:59 Masonry
29:18 Chemistry
28:20 Bodkin Arrow
29:17 Ring Archer Armor
29:49 Bracer
29:50 Scale Mail Armor
29:29 Crossbowman
30:44 Hand Cart
31:01 Chain Mail Armor
30:57 Forging
32:07 Siege Engineers
33:06 Iron Casting
32:52 Stone Mining
33:49 Scale Barding Armor
34:21 Capped Ram
36:18 Thumb Ring
36:15 Caravan
36:46 Coinage
36:59 Arquebus
40:19 Conscription
40:00 Circumnavigation
42:37 Plate Mail Armor
42:28 Bombard Tower
42:05 Murder Holes
51:23 Blast Furnace
50:14 Sappers
53:14 Crop Rotation
52:51 Town Patrol
52:57 Scale Barding Armor
Fs.Nx Imperial
10:15 Feudal Age
14:32 Castle Age
12:55 Double-Bit Axe
13:34 Horse Collar
19:30 Bow Saw
25:39 Imperial Age
25:40 Wheelbarrow
24:58 Fletching
27:24 Chemistry
26:30 Crossbowman
27:15 Bodkin Arrow
28:27 Bracer
29:50 Ballistics
29:15 Arbalester
32:07 Padded Archer Armor
32:37 Thumb Ring
37:18 Conscription
40:29 Leather Archer Armor
42:10 Elite Skirmisher
46:19 Arquebus
47:51 Scale Barding Armor
47:57 Forging
47:57 Light Cavalry
Fs.Mareonix
10:31 Feudal Age
14:42 Castle Age
13:23 Double-Bit Axe
13:29 Horse Collar
22:24 Gold Mining
24:32 Bow Saw
24:59 Wheelbarrow
29:27 Imperial Age
26:57 Stone Mining
27:08 Heavy Plow
26:57 Loom
27:30 Hand Cart
27:19 Fletching
28:15 Bodkin Arrow
28:23 Padded Archer Armor
30:09 Bloodlines
29:59 Husbandry
29:55 Light Cavalry
30:41 Scale Barding Armor
30:48 Bracer
32:19 Chain Barding Armor
32:49 Forging
32:32 Hussar
33:41 Conscription
35:52 Iron Casting
35:57 Ballistics
36:37 Chemistry
37:10 Leather Archer Armor
38:05 Elite Mangudai
41:26 Thumb Ring
41:46 Parthian Tactics
43:04 Squires
43:06 Scale Mail Armor
44:57 Blast Furnace
Fs.Nicolau Mendes
10:39 Feudal Age
14:40 Castle Age
12:31 Double-Bit Axe
12:45 Horse Collar
15:49 Bow Saw
24:31 Imperial Age
23:28 Fletching
27:03 Chemistry
26:00 Bodkin Arrow
27:12 Ballistics
28:21 Bracer
32:30 Masonry
35:39 Elite Genoese Crossbowman
37:49 Architecture
40:44 Scale Mail Armor
40:54 Forging
41:37 Chain Mail Armor
43:37 Plate Mail Armor
Fs.Alive
10:04 Feudal Age
13:44 Castle Age
12:04 Double-Bit Axe
12:22 Horse Collar
15:08 Bow Saw
21:04 Bow Saw
21:03 Heavy Plow
22:01 Gold Mining
24:03 Wheelbarrow
23:38 Loom
24:37 Stone Mining
24:38 Fletching
25:30 Ballistics
25:47 Scale Mail Armor
25:30 Pikeman
26:11 Squires
26:30 Forging
27:02 Chain Mail Armor
27:33 Guard Tower
28:57 Iron Casting
28:34 Bodkin Arrow
28:21 Treadmill Crane
31:15 Imperial Age
29:01 Hand Cart
29:16 Masonry
31:19 Halberdier
32:32 Plate Mail Armor
33:03 Blast Furnace
32:09 Bracer
33:10 Chemistry
32:42 Architecture
32:22 Svan Towers
33:10 Cavalier
34:00 Bloodlines
33:50 Husbandry
33:57 Scale Barding Armor
34:38 Keep
34:59 Chain Barding Armor
36:48 Light Cavalry
39:24 Crop Rotation
39:30 Hussar
40:46 Plate Barding Armor
41:22 Guilds
49:07 Fortified Wall
49:03 Siege Engineers
Connection lost

Rejoining the realm…

Still unreachable

The connection could not be restored.

Session expired

The server has moved on; the page needs a fresh start.